 Dungeon Crawl Stone Soup version 0.30-a0-782-ge64f9170bb (webtiles) character file.

Game seed: 2416996317243225321

3746 112233 the Thaumaturge (level 10, -13/65 HPs)
             Began as an Octopode Summoner on Feb 25, 2023.
             Was an Initiate of Gozag.
             Mangled by Erica
             ... wielding a +2 scimitar of flaming
              (15 damage)
             ... on level 8 of the Dungeon.
             The game lasted 00:09:34 (7822 turns).

112233 the Thaumaturge (Octopode Summoner)          Turns: 7822, Time: 00:09:34

Health: -13/65     AC:  5    Str: 12    XL:     10   Next: 15%
Magic:  36/42      EV: 14    Int: 28    God:    Gozag
Gold:   748        SH:  0    Dex: 12    Spells: 16/29 levels left

rFire   . . .      SeeInvis .    D - +1 mace "Romull" {freeze, +Blink Str+4}
rCold   . . .      Faith    .    (no shield)
rNeg    . . .      Spirit   .    (helmet restricted)
rPois   +          Reflect  .    (no amulet)
rElec   .          Harm     .    m - ring of magical power
rCorr   .          Rampage  .    p - +6 ring of intelligence
Will    .....                    o - +4 ring of protection
Stlth   +++                      B - ring of magical power
HPRegen 0.30/turn                z - ring of poison resistance
MPRegen 0.28/turn                (no ring)
                                 (no ring)
                                 (no ring)

@: no status effects
A: almost no armour, amphibious, 8 rings, camouflage 1, gelatinous body 1,
(nimble swimmer 1), tentacles
a: Renounce Religion, Evoke Blink, Potion Petition, Call Merchant, Bribe Branch


You were on level 8 of the Dungeon.
You worshipped Gozag.
Gozag was pleased with you.
You visited 2 branches of the dungeon, and saw 9 of its levels.

You collected 859 gold pieces.
You paid 111 gold pieces to Gozag.

Inventory:

Hand Weapons
 q - a +2 dagger of draining
 D - the +1 mace "Romull" (weapon) {freeze, +Blink Str+4}
   (You found it on level 6 of the Dungeon)

   Str:       It affects your strength (+4).
   +Blink:    It lets you blink.
Armour
 C - a +0 kite shield
Jewellery
 m - a ring of magical power (left tentacle)
 o - a +4 ring of protection (on tentacle)
 p - a +6 ring of intelligence (right tentacle)
 z - a ring of poison resistance (on tentacle)
 B - a ring of magical power (on tentacle)
 F - an amulet of reflection
Wands
 f - a wand of flame (29)
 y - a wand of mindburst (15)
 I - a wand of paralysis (10)
Scrolls
 b - a scroll of acquirement {unknown}
 c - a scroll of immolation {unknown}
 d - 2 scrolls of fear {unknown}
 e - 6 scrolls of fog {unknown}
 g - 2 scrolls of noise {unknown}
 h - 4 scrolls of identify {unknown}
 j - a scroll of blinking {unknown}
 n - 2 scrolls of summoning {unknown}
 s - 2 scrolls of poison {unknown}
 t - 2 scrolls of vulnerability {unknown}
 u - 3 scrolls of amnesia {unknown}
 v - 2 scrolls of enchant weapon {unknown}
 A - a scroll of silence {unknown}
 G - 3 scrolls of teleportation {unknown}
 H - 2 scrolls of enchant armour {unknown}
 J - a scroll of magic mapping {unknown}
Potions
 a - a potion of magic
 i - 3 potions of heal wounds
 k - 2 potions of brilliance
 l - 2 potions of berserk rage {unknown}
 r - a potion of might {unknown}
 w - 2 potions of resistance
 x - 2 potions of haste {unknown}
 E - a potion of attraction {unknown}


   Skills:
 + Level 4.3 Fighting
 + Level 4.9 Dodging
 - Level 2.7 Stealth
 + Level 10.3 Spellcasting
 + Level 6.8 Summonings
 + Level 2.8 Air Magic


You had 16 spell levels left.
You knew the following spells:

 Your Spells              Type           Power      Damage    Failure   Level
a - Summon Small Mammal   Summ           100%       N/A       1%          1
b - Call Imp              Summ           52%        N/A       1%          2
c - Call Canine Familiar  Summ           52%        N/A       1%          3
d - Summon Guardian Gole  Hex/Summ       33%        N/A       2%          3
e - Summon Lightning Spi  Summ/Air       41%        N/A       5%          4

Your spell library contained the following spells:

 Spells                   Type           Power      Damage    Failure   Level
 Beastly Appendage        Tmut           28%        N/A       3%          1
 Wereblood                Tmut           14%        N/A       6%          2
 Hailstorm                Conj/Ice       14%        3d5       12%         3
 Spider Form              Tmut/Pois      14%        N/A       12%         3
 Ice Form                 Ice/Tmut       14%        N/A       36%         4
 Yara's Violent Unravell  Hex/Tmut       7%         3d5       71%         5
 Enfeeble                 Hex            7%         N/A       100%        7
 Simulacrum               Ice/Necr       Unusable   N/A       N/A         6

Dungeon Overview and Level Annotations

Branches:
Dungeon (8/15)             Temple (1/1) D:6
   Lair: D:8-11

Altars:
Ashenzari
Fedhas
Gozag
Hepliaklqana
Makhleb
Nemelex Xobeh
Qazlal
Ru
Sif Muna
Uskayaw
Vehumet
Yredelemnul

Shops:
D:8 (

Annotations:
D:5 exclusion: downstairs
D:8 Erica


Innate Abilities, Weirdness & Mutations

You cannot wear most types of armour.
You are amphibious.
You can wear up to eight rings at the same time.
Your skin changes colour to match your surroundings (Stealth+).
Your rubbery body absorbs attacks. (AC +1, EV +1)
((You are camouflaged when in or above water. (Stealth+)))
You have tentacles for arms and can constrict up to eight enemies at once.


Message History

Confirm with . or Enter, or press ? or * to list all spells.
A guardian golem appears, shielding your allies.
Erica says, "I'm so much better than you."
Casting: Summon Guardian Golem (dangerous; 2% risk of failure)
Confirm with . or Enter, or press ? or * to list all spells.
Unknown command.
Erica barely misses your warg.
Your warg closely misses Erica.
Unknown command.
Your warg closely misses Erica.
Erica hits your warg with a +2 scimitar of flaming!
Erica burns your warg.
Your warg closely misses Erica.
Erica casts a spell.
Erica flickers and vanishes!
Deactivating autopickup; reactivate with Ctrl-A.
Your warg misses something. Something closely misses your warg.
Your warg closely misses something.
Your warg barely misses something.
Your warg misses something.
Your warg closely misses something.
Something hits your iron imp!
Your warg misses something.
Unknown command.
You swap places.
Your warg bites something.
Something hits you! Something burns you.
You hit something. You freeze something.
Your warg closely misses something.
Something hits you! Something burns you.
Your warg closely misses something.
You closely miss something. Your squeeze misses something. Something hits you!
* * * LOW HITPOINT WARNING * * *
Something burns you.
* * * LOW HITPOINT WARNING * * *
Your warg closely misses something.
Something hits you!
* * * LOW HITPOINT WARNING * * *
Something burns you.
* * * LOW HITPOINT WARNING * * *
Your warg bites something!
You barely miss something.
Your lightning spire disappears in a puff of smoke!
Your warg barely misses something.
Something hits you!
You die...
Your body crumbles into a pile of gold.

....... ....).. ###.......
#......... #.........
###......... ####...9§......
#...#.5@{h!....
####..............
.....#.∩.#........ ###
..#............... .......
.......#.......... ...#...
..##...........#.. #.....
#..##[......#....#######....
#...#.....#.................
#......####.##.........(..


You could see a friendly guardian golem (summoned), a friendly warg (summoned,
sheltered) and a friendly iron imp (summoned, sheltered).

Vanquished Creatures
  A water moccasin (D:6)
  A sky beast (D:7)
  A phantom (D:5)
  2 killer bees
  2 orc wizards
  A gnoll (D:5)
  2 white imps (D:5)
  2 orcs
  4 ball pythons
  2 bats
  A goblin (D:3)
  A kobold (D:1)
  2 quokkas (D:3)
  2 rats
24 creatures vanquished.

Vanquished Creatures (collateral kills)
  Sigmund (D:3)
  A wyvern (D:7)
  Eustachio (D:4)
  A steam dragon (D:7)
  An orc warrior (D:7)
  An ice beast (D:6)
  A black bear (D:6)
  3 ogres
  A centaur (D:6)
  A phantom (D:6)
  A necrophage (D:7)
  2 scorpions
  3 wights (D:7)
  4 killer bees
  A howler monkey (D:5)
  2 hounds (D:6)
  An orc priest (D:7)
  4 iguanas
  2 orc wizards
  4 gnolls
  8 adders
  A river rat (D:3)
  2 shadow imps
  A white imp (D:7)
  An ufetubus (D:5)
  2 worms
  A dart slug (D:1)
  22 orcs
  4 bats
  3 endoplasms
  2 giant cockroaches (D:2)
  10 hobgoblins
  4 jackals
  7 kobolds
  4 quokkas
  A ball python (D:4)
  2 frilled lizards
  2 goblins
  8 rats
121 creatures vanquished.

Vanquished Creatures (others)
  Pikel (D:5)
  Maggie (D:6)
  A steam dragon (D:7)
  A lemure (D:5)
  A kobold brigand (D:6)
  2 wights (D:7)
  6 killer bees
  A gnoll bouda (D:5)
  An orc wizard (D:6)
  3 gnolls (D:5)
  An orc (D:3)
19 creatures vanquished.

Grand Total: 164 creatures vanquished

Notes
Turn   | Place    | Note
-------+----------+-------------------------------------------
     0 | D:1      | 112233 the Octopode Summoner began the quest for the Orb.
     0 | D:1      | Reached XP level 1. HP: 11/11 MP: 3/3
   273 | D:1      | Reached XP level 2. HP: 17/17 MP: 1/5
   276 | D:1      | Learned a level 2 spell: Call Imp
   679 | D:1      | Reached skill level 3 in Spellcasting
   937 | D:1      | Reached XP level 3. HP: 21/21 MP: 2/7
   941 | D:1      | Learned a level 3 spell: Call Canine Familiar
  1473 | D:2      | Reached XP level 4. HP: 27/27 MP: 5/9
  1772 | D:2      | Reached skill level 4 in Spellcasting
  2360 | D:3      | Reached XP level 5. HP: 18/29 MP: 11/11
  2647 | D:3      | Noticed Sigmund
  2654 | D:3      | Killed Sigmund
  2655 | D:3      | Reached skill level 5 in Spellcasting
  2655 | D:3      | Reached XP level 6. HP: 35/36 MP: 14/14
  2818 | D:3      | You fall into a shaft and drop 1 floor!
  2859 | D:4      | Noticed Eustachio
  2876 | D:4      | Killed Eustachio
  2877 | D:4      | Reached skill level 6 in Spellcasting
  2952 | D:4      | Reached XP level 7. HP: 41/41 MP: 17/17
  3014 | D:5      | Entered Level 5 of the Dungeon
  3113 | D:5      | Reached skill level 7 in Spellcasting
  3171 | D:5      | Learned a level 3 spell: Summon Guardian Golem
  3281 | D:5      | Noticed Pikel
  3294 | D:5      | Killed Pikel
  3295 | D:5      | Reached skill level 9 in Spellcasting
  3295 | D:5      | Reached XP level 8. HP: 46/46 MP: 21/21
  4133 | D:4      | Reached skill level 1 in Fighting
  4919 | D:3      | Found a stormy altar of Qazlal.
  5156 | D:6      | Noticed Maggie
  5233 | D:6      | Reached skill level 5 in Summonings
  5233 | D:6      | Reached XP level 9. HP: 54/54 MP: 22/22
  5438 | D:6      | Found a staircase to the Ecumenical Temple.
  5447 | Temple   | Entered the Ecumenical Temple
  5470 | Temple   | Became a worshipper of Gozag Ym Sagoz the Greedy
  5643 | D:6      | Identified the +1 mace "Romull" {freeze, +Blink Str+4}
  5996 | D:6      | Learned a level 4 spell: Summon Lightning Spire
  6327 | D:6      | Killed Maggie
  6576 | D:7      | Reached skill level 10 in Spellcasting
  6576 | D:7      | Reached skill level 1 in Air Magic
  7063 | D:7      | Reached XP level 10. HP: 63/63 MP: 24/24
  7799 | D:8      | Found Veinkead's Antique Weapon Shoppe.
  7808 | D:8      | Noticed Erica
  7821 | D:8      | HP: 3/65 [something (11)]
  7821 | D:8      | HP: 1/65 [something (2)]
  7822 | D:8      | Mangled by Erica

Illustrated notes

Levels and vault maps discovered:
D:1:      ncdulo_watergridlock, layout_loops_ring, serial_aquarium,
          aquarium_bridge_square [aquarium_subvault_wall,
          aquarium_subvault_bridge, aquarium_subvault_bridge,
          aquarium_subvault_wall], aquarium_bridge_square
          [aquarium_subvault_wall, aquarium_subvault_bridge,
          aquarium_subvault_bridge, aquarium_subvault_bridge],
          aquarium_window_1, aquarium_window_fake, aquarium_window_corner,
          aquarium_window_fake, aquarium_view_2g, aquarium_balcony_5a
D:2:      layout_basic, minmay_indecisive_spiral
D:3:      layout_loops_ring, grunt_qazlal_clouds, gup_sewer_entry_bowl,
          uniq_sigmund
D:4:      layout_basic, skrybe_limestone_x, kennysheep_another_room,
          uniq_eustachio
D:5:      layout_cave_pods, uniq_pikel
D:6:      kennysheep_spiral_hall, layout_basic, lemuel_temple_firewalk_a,
          minivault_25, nicolae_elevator_lobby_asterisk, uniq_maggie
D:7:      layout_basic, grunt_ministairs_1
D:8:      layout_rooms, lemuel_tele_altar, mainiacjoe_overflow_swirl,
          serial_shops, nicolae_shop_stone, uniq_erica
Temple:   compressed_dpeg_triangle_lava_temple

Skill      XL: |  1  2  3  4  5  6  7  8  9 |
---------------+----------------------------+-----
Spellcasting   | 3 4 5 6 9 10 | 10.3
Fighting       | 1 4 |  4.3
Summonings     | 5 6 |  6.8
Dodging        | 4 |  4.9
Air Magic      | 2 |  2.8
Stealth        | |  2.7

Action                     |  1- 3 |  4- 6 |  7- 9 | 10-12 || total
---------------------------+-------+-------+-------+-------++-------
  Melee: Unarmed           |    23 |     9 |       |       ||    32
         Constrict         |     8 |     6 |     9 |       ||    23
         Tentacles         |     7 |     4 |    10 |     1 ||    22
         Punch             |       |     1 |       |       ||     1
         Dagger            |       |     7 |    34 |       ||    41
         Mace              |       |       |    13 |     9 ||    22
   Cast: Summon Small Mamm |    32 |    12 |     6 |       ||    50
         Call Imp          |    13 |    14 |    14 |     2 ||    43
         Call Canine Famil |     1 |    11 |    35 |     3 ||    50
         Summon Guardian G |       |       |    27 |     4 ||    31
         Summon Lightning  |       |       |    10 |     6 ||    16
    Use: Potion            |     3 |     1 |       |       ||     4
   Stab: Sleeping          |     2 |     1 |       |       ||     3
         Distracted        |       |     1 |     1 |       ||     2
 Armour: Skin              |     5 |    13 |    13 |     2 ||    33
  Dodge: Dodged            |    32 |    34 |    66 |    14 ||   146

Table legend: (Time is in decaauts)
 A = Elapsed time spent in this place.
 B = Non-inter-level travel time spent in this place.
 C = Inter-level travel time spent in this place.
 D = Time resting spent in this place.
 E = Time spent auto-exploring this place.
 F = Levels seen in this place.
 G = Mean time per level.
                   A        B        C        D        E       F      G
               +--------+--------+--------+--------+--------+-----+--------+
         Total |   7830 |   7368 |    462 |    169 |   5810 |   9 |  870.0 |
       Dungeon |   7801 |   7356 |    445 |    169 |   5802 |   8 |  975.1 |
        Temple |     28 |     11 |     17 |      0 |      8 |   1 |   28.0 |
               +--------+--------+--------+--------+--------+-----+--------+

Top non-repeatable levels by time:
     D:6: 1280 daAuts
     D:2: 1155 daAuts
     D:5: 1151 daAuts
     D:7: 1147 daAuts
     D:3: 1062 daAuts
     D:1: 1051 daAuts
     D:4: 794 daAuts
     D:8: 157 daAuts
  Temple: 28 daAuts
